 Dungeon Crawl Stone Soup version 0.30.1-11-g7821555f0a (webtiles) character file.

Game seed: 17167803433026618960

107 Martska the Trooper (level 4, 0/37 HPs)
             Began as a Demonspawn Fighter on Dec 13, 2023.
             Slain by a goblin
             ... wielding a +0 dagger
             ... led by Robin
              (1 damage)
             ... on level 2 of the Dungeon.
             The game lasted 00:02:22 (1330 turns).

Martska the Trooper (Demonspawn Fighter)            Turns: 1330, Time: 00:02:23

Health: 0/37       AC:  8    Str: 19    XL:     4   Next: 57%
Magic:  4/4        EV: 10    Int:  9    God:
Gold:   81         SH:  5    Dex: 18    Spells: 3/3 levels left

rFire   + . .        a - +0 trident
rCold   . . .        c - +0 buckler
rNeg    . . .        b - +0 scale mail
rPois   .            (no helmet)
rElec   .            f - +1 cloak
rCorr   .            (no gloves)
SInv    .            (no boots)
Will    .....        (no amulet) Stlth
                     e - ring of protection from fire
HPRegen 0.26/turn    l - +6 ring of dexterity
MPRegen 0.09/turn

%: no passive effects
@: mighty
A: claws 1, powered by death 1, powered by pain 1
a: no special abilities


You were on level 2 of the Dungeon.
You visited 1 branch of the dungeon, and saw 2 of its levels.

You collected 81 gold pieces.

Inventory:

Hand Weapons
 a - a +0 trident (weapon)
Armour
 b - a +0 scale mail (worn)
 c - a +0 buckler (worn)
 f - a +1 cloak (worn)
Jewellery
 e - a ring of protection from fire (left claw)
 l - a +6 ring of dexterity (right claw)
Scrolls
 g - a scroll of teleportation {unknown}
 j - 3 scrolls of summoning {unknown}
Potions
 d - a potion of might
 i - a potion of berserk rage {unknown}
 k - a potion of brilliance {unknown}


   Skills:
 * Level 3.9 Fighting
 - Level 1.7 Polearms
 + Level 3.1 Armour
 * Level 2.0 Dodging
 - Level 3.1 Shields
 * Level 0.4 Unarmed Combat


You had 3 spell levels left.
You didn't know any spells.
Your spell library was empty.

Dungeon Overview and Level Annotations

Branches:
Dungeon (2/15)

Altars:

Annotations:
D:2 1 runed translucent door, Crazy Yiuf, Robin


Innate Abilities, Weirdness & Mutations

You have sharp fingernails.
You regenerate a little health from kills.
You sometimes gain a little power by taking damage.


Message History

The goblin barely misses you.
The goblin hits you but does no damage. x2
You puncture the goblin!
You kill the goblin!
The goblin barely misses you. x2; The goblin closely misses you.
The goblin attacks as you move away! The goblin hits you with a +0 dagger.
* * * LOW HITPOINT WARNING * * *
The goblin attacks as you move away! You block the goblin's attack.
The goblin attacks as you move away! The goblin hits you but does no damage.
A hobgoblin comes into view.
Things that are here:
a +0 dagger; a goblin corpse You closely miss the goblin.
The goblin is severely wounded.
The goblin hits you but does no damage.
Robin drinks a potion.
Robin seems to grow stronger.
The goblin barely misses you. Robin throws the goblin at you!
* * * LOW HITPOINT WARNING * * *
You barely miss the goblin.
The goblin is severely wounded.
The goblin hits you with a +0 dagger.
* * * LOW HITPOINT WARNING * * *
The goblin hits you but does no damage. Robin throws the goblin at you!
You hit the goblin.
You kill the goblin!
The goblin hits you but does no damage. You block the goblin's attack.
Robin roars a battlecry!
The hobgoblins go into a battle-frenzy!
The goblin barely misses you.
You closely miss the goblin. The hobgoblin misses you.
You block the goblin's attack. The goblin closely misses you.
You closely miss the goblin. The hobgoblin hits you.
* * * LOW HITPOINT WARNING * * *
The goblin hits you with a +0 dagger.
* * * LOW HITPOINT WARNING * * *
The goblin closely misses you. The hobgoblin closely misses you.
You block the goblin's attack.
As you read the scroll labelled EMMASA QUAQIEX, it crumbles to dust.
It is a scroll of enchant armour.
Your +0 cloak glows green for a moment.
The goblin hits you with a +0 dagger.
You die...

.. #...........
#.####...........
####...........####.
#............#.# #.
#.##.####.#..#.# #. #.
#.# #.#..#.# #. #. #.#
#.#.†#.# #.
#.##g##.####.#^.#.####.
#...gg@g!..............
.......##g........#.####.
..##### #.####...........
#.# ######.##### #.# #.#
#.# #######.#### #.#
#..........#
#.###.#####.##.#
.#######.>.........##.#


You could see Robin (strong), 2 hobgoblins and 2 goblins.

Vanquished Creatures
  Natasha (D:2)
  3 adders (D:2)
  A dart slug (D:1)
  6 endoplasms
  A giant cockroach (D:1)
  12 goblins
  8 hobgoblins
  A quokka (D:1)
  5 ball pythons
  4 bats (D:1)
  A frilled lizard (D:1)
  4 kobolds
  3 rats
50 creatures vanquished.

Notes
Turn   | Place    | Note
-------+----------+-------------------------------------------
     0 | D:1      | Martska the Demonspawn Fighter began the quest for the Orb.
     0 | D:1      | Reached XP level 1. HP: 18/18 MP: 1/1
   138 | D:1      | Gained mutation: You regenerate a little health from kills.
                  | [demonic ancestry]
   138 | D:1      | Reached XP level 2. HP: 9/24 MP: 2/2
   283 | D:1      | Reached skill level 1 in Dodging
   502 | D:1      | Gained mutation: You sometimes gain a little power by
                  | taking damage. [demonic ancestry]
   502 | D:1      | Reached XP level 3. HP: 29/29 MP: 3/3
   877 | D:2      | Found a runed translucent door.
   878 | D:2      | Noticed Crazy Yiuf
   955 | D:2      | Noticed Natasha
   966 | D:2      | Killed Natasha
   967 | D:2      | Gained mutation: You have sharp fingernails. [demonic
                  | ancestry]
   967 | D:2      | Reached XP level 4. HP: 18/37 MP: 4/4
  1313 | D:2      | Noticed Robin
  1329 | D:2      | HP: 1/37 [goblin/+0 dagger[Robin] (5)]
  1330 | D:2      | Slain by a goblin

Illustrated notes

Levels and vault maps discovered:
D:1:      dpeg_arrival_stone_temple_mockup, layout_loops_ring
D:2:      layout_loops_ring, hellmonk_ecumenical_altar_heavens_door,
          uniq_natasha, uniq_crazy_yiuf_cottage, uniq_robin, uniq_terence

Skill      XL: |  1  2  3  4 |
---------------+-------------+-----
Dodging        | 1 2 |  2.0
Shields        | 3 |  3.1
Armour         | 3 |  3.1
Fighting       | |  3.9
Polearms       | |  1.7
Unarmed Combat | |  0.4

Action                     |  1- 3 |  4- 6 || total
---------------------------+-------+-------++-------
  Melee: Trident           |   121 |    50 ||   171
    Use: Scroll            |       |     1 ||     1
         Potion            |       |     1 ||     1
 Armour: Scale mail        |    49 |    38 ||    87
  Dodge: Dodged            |    53 |    44 ||    97
  Block: Buckler           |    21 |    17 ||    38
